 Dungeon Crawl Stone Soup version 0.29.0-4-gdea44cf6ec (webtiles) character file.

Game seed: 7764940810221438268

1891 qw the Cleaver (level 8, -3/70 HPs)
             Began as a Minotaur Fighter on Sept 8, 2022.
             Slain by a two-headed ogre
             ... wielding a +0 giant club
              (13 damage)
             ... on level 7 of the Dungeon.
             The game lasted 00:02:09 (7016 turns).

qw the Cleaver (Minotaur Fighter)                   Turns: 7016, Time: 00:02:10

Health: -3/70      AC: 11    Str: 27    XL:     8   Next: 93%
Magic:  7/7        EV: 11    Int:  4    God:
Gold:   315        SH:  4    Dex:  9    Spells: 7/7 levels left

rFire   . . .      SeeInvis .   Y - +1 war axe
rCold   . . .      Faith    .   c - +0 buckler
rNeg    . . .      Spirit   .   i - +1 swamp dragon scales
rPois   +          Reflect  .   (helmet restricted)
rElec   .          Harm     .   (no cloak)
rCorr   .          Rampage  .   (no gloves)
Will    .....                   k - +1 pair of boots
Stlth   ..........              (no amulet)
HPRegen 0.21/turn               (no ring)
MPRegen 0.10/turn               (no ring)

@: about to teleport
A: horns 2, retaliatory headbutt, strong 1
a: no special abilities


You were on level 7 of the Dungeon.
You visited 1 branch of the dungeon, and saw 7 of its levels.
You also visited: Ossuary.

You collected 315 gold pieces.


Innate Abilities, Weirdness & Mutations

You have a pair of horns on your head.
You reflexively headbutt those who attack you in melee.
Your muscles are strong. (Str +4, Int/Dex -1)


   Skills:
 + Level 6.1 Fighting
 - Level 12.0 Axes
 - Level 4.5 Armour
 - Level 2.8 Dodging
 - Level 4.6 Shields


You had 7 spell levels left.
You didn't know any spells.
Your spell library was empty.

Inventory:

Hand Weapons
 b - a +0 flail
 Y - a +1 war axe (weapon)
Armour
 c - a +0 buckler (worn)
 g - a +0 chain mail
 i - +1 swamp dragon scales (worn)
 k - a +1 pair of boots (worn)
Jewellery
 q - a ring of fire
Scrolls
 f - 2 scrolls of identify
 h - a scroll of teleportation
Potions
 d - a potion of might
 e - 2 potions of haste
 j - 2 potions of curing
 l - a potion of resistance
 o - a potion of mutation

Dungeon Overview and Level Annotations

Branches:
Dungeon (7/15)            Ossuary (visited)
 Temple: D:4-7

Altars:
Dithmenos
Hepliaklqana
Makhleb
Zin

Shops:
D:1 !


Message History

You slash the two-headed ogre!
The two-headed ogre is lightly wounded.
The two-headed ogre barely misses you.
The two-headed ogre hits you with a +0 giant club!!
You slash the two-headed ogre!
The two-headed ogre is moderately wounded.
The two-headed ogre closely misses you.
The two-headed ogre hits you with a +0 giant club.
You slash the two-headed ogre!
Your headbutt misses the two-headed ogre.
The two-headed ogre is heavily wounded.
You hit the two-headed ogre but do no damage.
Your headbutt misses the two-headed ogre.
The two-headed ogre is heavily wounded.
The two-headed ogre hits you with a +0 giant club!
The two-headed ogre completely misses you.
You hit the two-headed ogre.
You headbutt the two-headed ogre, but do no damage.
The two-headed ogre is heavily wounded.
The two-headed ogre hits you with a +0 giant club.
The two-headed ogre closely misses you.
You barely miss the two-headed ogre.
Your headbutt misses the two-headed ogre.
The two-headed ogre is heavily wounded.
You slash the two-headed ogre!
The two-headed ogre is severely wounded.
The two-headed ogre hits you with a +0 giant club.
The two-headed ogre hits you with a +0 giant club!
7014 ||| READING 2 scrolls of teleportation.
As you read the scroll of teleportation, it crumbles to dust.
You feel strangely unstable. The two-headed ogre closely misses you.
The two-headed ogre misses you.
You hit the two-headed ogre.
The two-headed ogre is severely wounded.
You barely miss the two-headed ogre.
The two-headed ogre is severely wounded.
The two-headed ogre closely misses you. You furiously retaliate!
You headbutt the two-headed ogre.
The two-headed ogre hits you with a +0 giant club!
You die...

..... .... # ...#
.###### ...## ...>.#
.... # ###...######
..#
#.#..........###O.#
#..............@..#
#..........###.#....~
###...###### ... ~~~
#...# ##.~# ~ ##<##
.~~~ #.# .~~~ #.# ~#~
#.# ~~ #.#


You could see a two-headed ogre.

Vanquished Creatures
  Maggie (D:6)
  Menkaure (D:5)
  A water moccasin (D:6)
  A sky beast (D:6)
  A black bear (D:6)
  An ogre (D:6)
  An ice beast (D:5)
  A phantom (D:6)
  3 elf zombies (Ossuary)
  A necrophage (D:6)
  A scorpion (D:2)
  A howler monkey (D:6)
  4 centaur zombies (Ossuary)
  A jelly (D:6)
  5 human zombies (Ossuary)
  An orc priest (D:5)
  A hound (D:5)
  3 iguanas
  3 mummies (Ossuary)
  5 adders
  An ufetubus (D:5)
  A worm (D:5)
  A dart slug (D:3)
  8 orcs
  6 ball pythons
  4 bats
  8 endoplasms
  2 giant cockroaches
  5 goblins
  5 hobgoblins
  4 jackals (D:3)
  3 quokkas
  2 frilled lizards
  4 kobolds
  2 rats
93 creatures vanquished.

Notes
Turn   | Place    | Note
-------+----------+-------------------------------------------
     0 | D:1      | qw the Minotaur Fighter began the quest for the Orb.
     0 | D:1      | Reached XP level 1. HP: 19/19 MP: 0/0
     0 | D:1      | 0 ||| qw: Version: 0.1-a-112-g44dc6cd
     0 | D:1      | 0 ||| qw: Game counter: 6761
     0 | D:1      | 0 ||| qw: Always use a shield: true
     0 | D:1      | 0 ||| qw: God list: Ru
     0 | D:1      | 0 ||| qw: Allow faded altars: false
     0 | D:1      | 0 ||| qw: Do Orc after D:15 true
     0 | D:1      | 0 ||| qw: Do second Lair branch before Depths: true
     0 | D:1      | 0 ||| qw: Lair rune preference: random
     0 | D:1      | 0 ||| qw: Plans: Normal
     0 | D:1      | 0 ||| PLANNING D:1-11
    50 | D:1      | Found Teth's Distillery.
    61 | D:1      | 61 ||| SHOPLISTING potion of curing (36 gold, have 27).
    61 | D:1      | 61 ||| SHOPLISTING potion of mutation (96 gold, have 27).
   134 | D:1      | Found a faded altar of an unknown god.
   200 | D:1      | Reached skill level 3 in Axes
   298 | D:1      | Reached XP level 2. HP: 26/26 MP: 1/1
   840 | D:1      | Reached skill level 4 in Axes
  1028 | D:1      | 1028 ||| UPGRADING to +0 chain mail.
  1038 | D:1      | 1038 ||| DROPPING +0 scale mail.
  1039 | D:1      | 1039 ||| UPGRADING to +0 pair of boots.
  1044 | D:1      | 1044 ||| DROPPING +6 ring of intelligence.
  1045 | D:1      | 1045 ||| READING scroll labelled AKKIR DEOROJUI.
  1046 | D:1      | 1046 ||| READING scroll labelled DERGHI GYUS.
  1047 | D:1      | 1047 ||| DRINKING 2 murky blue potions.
  1048 | D:1      | 1048 ||| DROPPING potion of flight.
  1105 | D:2      | 1105 ||| Stepping ~*~*~tactically~*~*~ (stealth).
  1106 | D:2      | 1106 ||| Stepping ~*~*~tactically~*~*~ (stealth).
  1107 | D:2      | 1107 ||| Stepping ~*~*~tactically~*~*~ (stealth).
  1188 | D:2      | 1188 ||| Stepping ~*~*~tactically~*~*~ (stealth).
  1190 | D:2      | 1190 ||| Stepping ~*~*~tactically~*~*~ (hiding).
  1317 | D:2      | Reached XP level 3. HP: 29/31 MP: 2/2
  1531 | D:2      | Noticed a scorpion
  1541 | D:2      | Killed a scorpion
  1542 | D:2      | Reached skill level 5 in Axes
  1542 | D:2      | Reached XP level 4. HP: 23/39 MP: 3/3
  2170 | D:3      | 2170 ||| DROPPING +0 club.
  2295 | D:3      | Reached skill level 1 in Dodging
  2391 | D:3      | 2391 ||| Stepping ~*~*~tactically~*~*~ (stealth).
  2396 | D:3      | 2396 ||| Stepping ~*~*~tactically~*~*~ (stealth).
  2418 | D:3      | 2418 ||| Stepping ~*~*~tactically~*~*~ (stealth).
  2616 | D:3      | 2616 ||| READING scroll of enchant armour.
  2616 | D:3      | 2616 ||| ENCHANTING +0 pair of boots.
  2840 | D:3      | 2840 ||| READING scroll labelled MUNNYT WIOC.
  2841 | D:3      | 2841 ||| READING scroll labelled URIOTO GORE NINNO.
  2846 | D:3      | 2846 ||| READING 3 scrolls labelled PERYRA NUVO.
  2847 | D:3      | 2847 ||| DRINKING 3 clear potions.
  2848 | D:3      | 2848 ||| READING 3 scrolls of identify.
  2848 | D:3      | 2848 ||| IDENTIFYING cyan potion
  2849 | D:3      | 2849 ||| READING 2 scrolls of identify.
  2849 | D:3      | 2849 ||| IDENTIFYING ruby potion
  2850 | D:3      | 2850 ||| DROPPING potion of degeneration.
  2851 | D:3      | 2851 ||| DROPPING 2 scrolls of immolation.
  2930 | D:4      | Reached skill level 6 in Axes
  3002 | D:4      | Reached XP level 5. HP: 45/45 MP: 4/4
  3413 | D:4      | Found a shadowy altar of Dithmenos.
  3415 | D:4      | Found a hazy altar of Hepliaklqana.
  3665 | D:4      | 3665 ||| READING scroll labelled TAOSEL AVAPEY.
  3694 | D:5      | Entered Level 5 of the Dungeon
  3694 | D:5      | Noticed Menkaure
  3701 | D:5      | HP: 7/45 [??? (5)]
  3702 | D:5      | 3702 ||| DRINKING potion of heal wounds.
  3702 | D:5      | HP: 2/45 [Menkaure (15)]
  3703 | D:5      | Killed Menkaure
  3704 | D:5      | Reached skill level 7 in Axes
  4057 | D:5      | Reached XP level 6. HP: 28/52 MP: 5/5
  4064 | D:5      | HP: 13/52 [poisoned by an adder]
  4487 | D:5      | 4487 ||| DROPPING +0 whip.
  4537 | D:5      | 4537 ||| Stepping ~*~*~tactically~*~*~ (hiding).
  4542 | D:5      | Noticed an ice beast
  4552 | D:5      | Killed an ice beast
  4553 | D:5      | Reached skill level 8 in Axes
  5087 | D:5      | 5087 ||| READING 4 scrolls of identify.
  5087 | D:5      | 5087 ||| IDENTIFYING inky potion
  5088 | D:5      | 5088 ||| READING 3 scrolls of identify.
  5088 | D:5      | 5088 ||| IDENTIFYING bubbling yellow potion
  5089 | D:5      | 5089 ||| DROPPING potion of attraction.
  5090 | D:5      | 5090 ||| DROPPING potion of invisibility.
  5135 | D:4      | Found a glowing silver altar of Zin.
  5135 | D:4      | Found a burning altar of Makhleb.
  5167 | D:6      | 5167 ||| PLANNING OSSUARY
  5211 | D:6      | 5211 ||| Stepping ~*~*~tactically~*~*~ (stealth).
  5223 | D:6      | Reached skill level 9 in Axes
  5223 | D:6      | Reached XP level 7. HP: 54/59 MP: 6/6
  5483 | D:6      | Found a sand-covered staircase.
  5484 | D:6      | 5484 ||| READING 4 scrolls of identify.
  5484 | D:6      | 5484 ||| IDENTIFYING purple potion
  5485 | D:6      | 5485 ||| DROPPING potion of ambrosia.
  5492 | Ossuary  | Entered an ossuary
  5526 | Ossuary  | Reached skill level 10 in Axes
  5602 | Ossuary  | Reached skill level 6 in Fighting
  5606 | Ossuary  | Reached XP level 8. HP: 58/70 MP: 7/7
  5715 | Ossuary  | Reached skill level 11 in Axes
  5859 | Ossuary  | 5859 ||| READING scroll labelled TUDGHO YREAREK.
  5960 | Ossuary  | 5960 ||| DRINKING 2 fuming red potions.
  5960 | Ossuary  | Gained mutation: You have large cloven feet. [potion of
                  | mutation]
  5960 | Ossuary  | Gained mutation: Potions are less effective at restoring
                  | your health. [potion of mutation]
  5961 | Ossuary  | 5961 ||| DRINKING potion of mutation.
  5961 | Ossuary  | Lost mutation: You have large cloven feet. [potion of
                  | mutation]
  5961 | Ossuary  | Lost mutation: Potions are less effective at restoring your
                  | health. [potion of mutation]
  5961 | Ossuary  | Gained mutation: Your flesh is cold resistant. (rC+)
                  | [potion of mutation]
  5961 | Ossuary  | Lost mutation: Your flesh is cold resistant. (rC+) [potion
                  | of mutation]
  5961 | Ossuary  | Gained mutation: Your muscles are strong. (Str +4, Int/Dex
                  | -1) [potion of mutation]
  5962 | Ossuary  | 5962 ||| DRINKING 3 sedimented blue potions.
  5963 | Ossuary  | 5963 ||| READING 4 scrolls of identify.
  5963 | Ossuary  | 5963 ||| IDENTIFYING brown potion
  5975 | D:6      | 5975 ||| PLANNING D:1-11
  6616 | D:6      | Noticed Maggie
  6617 | D:6      | 6617 ||| Stepping ~*~*~tactically~*~*~ (hiding).
  6638 | D:6      | HP: 11/66 [Maggie/+2 long sword of draining (11)]
  6639 | D:6      | 6639 ||| READING 3 scrolls of teleportation.
  6640 | D:6      | 6640 ||| DRINKING potion of heal wounds.
  6642 | D:6      | Killed Maggie
  6643 | D:6      | Reached skill level 12 in Axes
  6923 | D:6      | 6923 ||| UPGRADING to +1 swamp dragon scales.
  6933 | D:6      | 6933 ||| READING scroll labelled TEAMMIU XAXISS.
  6934 | D:6      | 6934 ||| READING scroll labelled VYSTUT PODOM.
  6935 | D:6      | 6935 ||| READING scroll labelled QONEAGH JARGHA.
  6936 | D:6      | 6936 ||| READING 3 scrolls of identify.
  6936 | D:6      | 6936 ||| IDENTIFYING red potion
  6937 | D:6      | 6937 ||| DROPPING potion of berserk rage.
  7002 | D:7      | Noticed a two-headed ogre
  7013 | D:7      | HP: 10/70 [two-headed ogre/+0 giant club (13)]
  7014 | D:7      | 7014 ||| READING 2 scrolls of teleportation.
  7016 | D:7      | Slain by a two-headed ogre

Levels and vault maps discovered:
D:1:      dpeg_arrival_rooms_with_view, layout_loops_corners,
          hellmonk_ecumenical_altar_heavens_door, serial_shops,
          nicolae_shop_advertising_works [nicolae_subvault_shop_adworks],
          minmay_tiny_reverse_x
D:2:      layout_loops_ring
D:3:      layout_loops_ring, patterned_corridor
D:4:      layout_basic, nicolae_overflow_hidden_temple
D:5:      layout_loops_ring, uniq_menkaure
D:6:      layout_cave_pods, chequers_ossuary_entry_cave, minmay_crystal_room,
          uniq_maggie
D:7:      layout_loops_ring, yredelemnul_forgotten_temple_becter,
          minmay_temple_entry_overgrown, nicolae_lava_and_water,
          minmay_manual_mail

Skill      XL: |  1  2  3  4  5  6  7  8 |
---------------+-------------------------+-----
Axes           | 3 4 5 6 7 9 10 12 | 12.0
Dodging        | 1 2 |  2.8
Fighting       | 4 6 |  6.1
Armour         | 4 |  4.5
Shields        | 4 |  4.6

Action                   |  1- 3 |  4- 6 |  7- 9 || total
-------------------------+-------+-------+-------++-------
Melee: War axe           |    63 |   117 |   165 ||   345
       Headbutt          |     6 |    18 |    34 ||    58
  Use: Scroll            |     2 |     9 |     9 ||    20
       Potion            |     1 |     2 |     4 ||     7
Armor: Scale mail        |    12 |       |       ||    12
       Chain mail        |    17 |    52 |    66 ||   135
Dodge: Dodged            |    26 |    44 |    47 ||   117
Block: Buckler           |     9 |    23 |    17 ||    49

Table legend:
 A = Non-vault XP
 B = Vault XP
 C = Vault XP percentage of total XP
 D = Non-vault monster count
 E = Vault monster count
 F = Vault count percentage of total count
                 A         B        C        D         E       F
            +---------+---------+-------+---------+---------+-------
      Total |    1394 |    1308 |  48.4 |      72 |      21 |  22.6
            +---------+---------+-------+---------+---------+-------
        D:1 |      23 |       7 |  23.3 |      13 |       4 |  23.5
        D:2 |     108 |       0 |   0.0 |      10 |       0 |   0.0
        D:3 |      44 |       0 |   0.0 |      18 |       0 |   0.0
        D:4 |      24 |       0 |   0.0 |       6 |       0 |   0.0
        D:5 |     324 |     165 |  33.7 |      15 |       1 |   6.2
        D:6 |     871 |     395 |  31.2 |      10 |       1 |   9.1
    Ossuary |       0 |     741 | 100.0 |       0 |      15 | 100.0
            +---------+---------+-------+---------+---------+-------
